 Dungeon Crawl Stone Soup version 0.28.0-43-g3370ac3207 (console) character file.

Game seed: 2570343386362285101

77038 Kloppie the Executioner (level 15, -9/141 HPs)
             Began as a Minotaur Berserker on Feb 26, 2022.
             Was a High Priest of Trog.
             Mangled by a naga
             ... wielding a +0 war axe
              (24 damage)
             ... on level 2 of the Snake Pit on Mar 12, 2022.
             The game lasted 00:53:10 (25431 turns).

Kloppie the Executioner (Minotaur Berserker)       Turns: 25431, Time: 00:53:10

Health: -9/141     AC: 19    Str: 26    XL:     15   Next: 14%
Magic:  14/14      EV: 14    Int:  4    God:    Trog [*****.]
Gold:   2426       SH:  0    Dex: 16    Spells: 14/14 levels left

rFire   . . .      SeeInvis .   a - +3 battleaxe (venom)
rCold   . . .      Faith    .   (shield currently unavailable)
rNeg    + . .      Spirit   .   y - +0 acid dragon scales
rPois   +          Reflect  .   (helmet restricted)
rElec   .          Harm     .   p - +0 cloak
rCorr   +          Rampage  .   j - +2 pair of gloves
Will    +++..                   Z - +2 pair of boots {Stlth+}
Stlth   +.........              W - amulet "Kullonan" {rPois Regen+ Str+3 Stlth-}
HPRegen 2.13/turn               (no ring)
MPRegen 0.14/turn               U - ring of positive energy

@: lethally poisoned (-9 -> -9), strong-willed, regenerating, constricted
A: horns 2, retaliatory headbutt
a: Renounce Religion, Berserk, Trog's Hand, Brothers in Arms


You were on level 2 of the Snake Pit.
You worshipped Trog.
Trog was extremely pleased with you.
You visited 3 branches of the dungeon, and saw 19 of its levels.
You also visited: Ossuary, Bailey, Gauntlet and Ice Cave.

You collected 2524 gold pieces.
You spent 98 gold pieces at shops.

Inventory:

Hand Weapons
 a - a +3 battleaxe of venom (weapon)
 b - a +3 executioner's axe of flaming
 S - a +4 dire flail of freezing
 V - the +4 hand axe of Modesty {vorpal, rElec Str+4 Dex+4}
   (You found it on level 3 of the Lair of Beasts)

   It inflicts extra damage upon your enemies.
   Str:       It affects your strength (+4).
   Dex:       It affects your dexterity (+4).
   rElec:     It insulates you from electricity.
Missiles
 g - 4 throwing nets (quivered)
Armour
 j - a +2 pair of gloves (worn)
 p - a +0 cloak (worn)
 t - a +0 kite shield of cold resistance
 y - +0 acid dragon scales (worn)
 Q - the +7 chain mail "Fedet" {+Inv rElec rPois rC-}
   (You took it off a minotaur in a Gauntlet)

   rC:        It makes you vulnerable to cold.
   rElec:     It insulates you from electricity.
   rPois:     It protects you from poison.
   +Inv:      It lets you turn invisible.
 Z - a +2 pair of boots of stealth (worn)
Jewellery
 G - a ring of ice
 U - a ring of positive energy (right hand)
 W - the amulet "Kullonan" (around neck) {rPois Regen+ Str+3 Stlth-}
   (You found it in an ice cave)

   [amulet of regeneration]

   Str:       It affects your strength (+3).
   rPois:     It protects you from poison.
   Regen:     It increases your rate of health regeneration.
   Stlth:     It makes you less stealthy.
 Y - the amulet of Viofu {Spirit +Blink rElec rCorr Stlth-}
   (You found it in a Gauntlet)

   [amulet of guardian spirit]

   It causes incoming damage to be divided between your reserves of health and
   magic.
   rElec:     It insulates you from electricity.
   +Blink:    It lets you blink.
   rCorr:     It protects you from acid and corrosion.
   Stlth:     It makes you less stealthy.
Wands
 q - a wand of iceblast (12)
 r - a wand of flame (46)
 u - a wand of paralysis (14)
 A - a wand of mindburst (3)
 I - a wand of acid (21)
 J - a wand of digging (9)
 R - a wand of polymorph (6)
Scrolls
 c - a scroll of torment
 e - 6 scrolls of identify
 h - 3 scrolls of fog
 k - 9 scrolls of teleportation
 m - a scroll of blinking
 n - 5 scrolls of enchant armour
 o - 5 scrolls of magic mapping
 v - 6 scrolls of vulnerability
 w - 3 scrolls of immolation
 L - 3 scrolls of enchant weapon
 N - 4 scrolls of summoning
Potions
 d - 4 potions of cancellation
 f - 2 potions of might
 i - 3 potions of magic
 l - 2 potions of flight
 s - 7 potions of curing
 x - 4 potions of mutation
 B - 3 potions of heal wounds
 C - 2 potions of attraction
 F - 3 potions of ambrosia
 H - 6 potions of invisibility
 M - a potion of lignification
 P - 2 potions of resistance
 T - 3 potions of haste
Miscellaneous
 z - a condenser vane
 K - a tin of tremorstones (2/2)


   Skills:
 - Level 15.0 Fighting
 + Level 22.3 Axes
 - Level 15.0 Armour
 - Level 10.0 Dodging


You had 14 spell levels left.
You didn't know any spells.
Your spell library was empty.

Dungeon Overview and Level Annotations

Branches:
Dungeon (11/15)            Temple (0/1) D:5            Lair (6/6) D:11
 Shoals (0/4) Lair:2        Snake (2/4) Lair:4        Slime (0/5) Lair:6
    Orc (0/2) D:10        Ossuary (visited)          Bailey (visited)
  IceCv (visited)         Gauntlet (visited)

Altars:
Makhleb
Jiyva

Shops:
D:7 ::(*   D:8 ?

Annotations:
D:7 2 transporters, Longtemps's ghost, novice OpFE
Lair:5 exclusion: oklob plant


Innate Abilities, Weirdness & Mutations

You have a pair of horns on your head.
You reflexively headbutt those who attack you in melee.


Message History

* * * LOW HITPOINT WARNING * * *
The shock serpent shocks you!
* * * LOW HITPOINT WARNING * * *
The guardian serpent casts a spell at you.
The naga blinks into view!
The naga blinks!
Your skin crawls.
You feel strong-willed.
You feel sick.
The shock serpent bites you but does no damage.
The naga hits you with a +0 trident!!
* * * LOW HITPOINT WARNING * * *
The naga grabs you. The naga constricts you.
The guardian serpent barely misses you. You furiously retaliate!
You headbutt the guardian serpent!
You kill the guardian serpent!
Trog accepts your kill.
Trog appreciates your killing of a magic user.
The naga misses you. The shock serpent barely misses you.
You furiously retaliate!
You headbutt the shock serpent!
The shock serpent's electric aura discharges, shocking you!
You barely miss the naga. You headbutt the naga!
The naga is moderately wounded.
You slice the shock serpent!!
The shock serpent looks as sick as possible!
You slice the naga!!
The shock serpent's electric aura discharges, shocking you!
* * * LOW HITPOINT WARNING * * *
You feel sick. The naga spits poison at you. The splash of poison hits you.
You resist.
* * * LOW HITPOINT WARNING * * *
The naga constricts you.
* * * LOW HITPOINT WARNING * * *
The naga warrior spits poison at you. The splash of poison hits you.
You resist.
* * * LOW HITPOINT WARNING * * *
The shock serpent misses you. The naga barely misses you.
You feel much better.
You feel sick.
The shock serpent bites you but does no damage.
The naga hits you with a +0 trident!!
* * * LOW HITPOINT WARNING * * *
The naga constricts you. The naga hits you with a +0 war axe!!
You die...

##... #... ##...
#... #. ##.N# .....
.## #NN.# #......#
.. #...#+#......##
. #S#N#........##.
##
#N@#.#........#.##.
##N###.......###.#.
##.#:#.#..........
##..#..#.......#.
##..)......##...
###............
####...#....#
####.....^ ##..#..
#...#. ##....#


You could see 2 naga warriors, a shock serpent (extremely poisoned) and 3 nagas.

Vanquished Creatures
  An azure jelly (IceCv)
  3 quicksilver oozes (IceCv)
  A minotaur (Gauntlet)
  Snorg (D:11)
  Harold (D:9)
  5 naga warriors (Snake:1)
  A boulder beetle (D:7)
  A two-headed ogre (D:11)
  7 hydras
  3 death yaks
  A naga sharpshooter (Snake:1)
  A shock serpent (Snake:1)
  2 goliath frogs (Lair:6)
  2 naga ritualists
  2 orc knights
  2 ugly things
  Pikel (D:6)
  3 mana vipers (Snake:1)
  A cyclops (D:11)
  A salamander (Snake:1)
  16 black mambas
  3 elephants
  A rust devil (Gauntlet)
  A moth of wrath (Gauntlet)
  2 ice statues (IceCv)
  3 naga magi (Snake:1)
  2 torpor snails
  24 cane toads
  A gargoyle (D:7)
  2 guardian serpents
  Maggie (D:6)
  A rime drake (Lair:2)
  2 unseen horrors
  12 komodo dragons
  2 entropy weaver simulacra (IceCv)
  3 polar bears
  3 trolls
  3 tyrant leeches (Lair:6)
  2 hornets
  22 blink frogs
  16 slime creatures (IceCv)
  14 dream sheep
  Sigmund (D:2)
  3 large abominations (Gauntlet)
  2 wraiths
  2 wyverns
  A ynoxinul (Gauntlet)
  43 yaks
  5 vampire mosquitoes (Lair:6)
  20 nagas
  3 demonic crawler simulacra (IceCv)
  11 water moccasins
  2 sky beasts (D:5)
  4 small abominations (Gauntlet)
  9 orc warriors
  A black bear (D:5)
  A hornet zombie (D:6)
  2 ice beasts (D:8)
  5 ugly thing simulacra (IceCv)
  11 wolves
  3 ogres
  A necrophage (D:7)
  3 phantoms
  4 centaurs
  A kobold brigand (D:7)
  18 bullfrogs
  2 elf zombies (Ossuary)
  Blork the orc (D:6)
  3 glowing shapeshifter simulacra (IceCv)
  2 water moccasin zombies
  11 wights
  A howler monkey (D:11)
  7 electric eels
  A vampire bat (D:7)
  5 centaur zombies
  A human zombie (Ossuary)
  Crazy Yiuf (D:7)
  8 orc priests
  2 hounds (D:5)
  5 iron imps
  3 jellies
  A bullfrog skeleton (D:5)
  A centaur skeleton (D:6)
  2 iguanas
  10 orc wizards
  A killer bee zombie (D:7)
  3 hound zombies (Ossuary)
  A hound skeleton (D:4)
  3 mummies (Ossuary)
  9 gnolls
  A howler monkey zombie (D:11)
  7 adders
  A shadow imp (D:7)
  13 white imps
  2 ufetubi (D:5)
  6 adder zombies (Ossuary)
  2 worms (D:2)
  2 dart slugs (D:1)
  50 orcs
  7 ball pythons
  6 endoplasms
  2 giant cockroaches
  A gnoll zombie (Ossuary)
  13 goblins
  2 hobgoblins
  3 jackals (D:1)
  5 kobolds
  5 quokkas
  15 bats
  3 frilled lizards
  4 goblin zombies (Ossuary)
  5 hobgoblin zombies (Ossuary)
  3 jackal zombies (Ossuary)
  2 kobold zombies (Ossuary)
  2 quokka zombies (Ossuary)
  11 rats
  4 rat zombies (Ossuary)
593 creatures vanquished.

Vanquished Creatures (others)
  44 fungi
  137 plants
181 creatures vanquished.

Grand Total: 774 creatures vanquished

Notes
Turn   | Place    | Note
-------+----------+-------------------------------------------
     0 | D:1      | Kloppie the Minotaur Berserker began the quest for the Orb.
     0 | D:1      | Reached XP level 1. HP: 19/19 MP: 0/0
   140 | D:1      | Reached skill level 4 in Axes
   158 | D:1      | Reached XP level 2. HP: 23/27 MP: 1/1
   516 | D:1      | Reached XP level 3. HP: 23/34 MP: 2/2
   684 | D:1      | Reached ** piety under Trog
  1169 | D:2      | Reached XP level 4. HP: 37/41 MP: 3/3
  1250 | D:2      | Reached skill level 5 in Fighting
  1250 | D:2      | Reached skill level 5 in Axes
  1658 | D:2      | Noticed Sigmund
  1666 | D:2      | Killed Sigmund
  1667 | D:2      | Reached skill level 6 in Axes
  1667 | D:2      | Reached XP level 5. HP: 50/50 MP: 4/4
  1992 | D:2      | Found a faded altar of an unknown god.
  1992 | D:2      | Found a faded altar of an unknown god.
  2549 | D:3      | Found a burning altar of Makhleb.
  2655 | D:3      | Reached XP level 6. HP: 16/57 MP: 5/5
  3458 | D:3      | Reached *** piety under Trog
  3617 | D:4      | Noticed a yak
  3618 | D:4      | Noticed a yak
  3620 | D:4      | Noticed a yak
  3620 | D:4      | Noticed a yak
  3624 | D:4      | Killed a yak
  3625 | D:4      | Reached skill level 7 in Axes
  3625 | D:4      | Reached XP level 7. HP: 66/66 MP: 6/6
  3629 | D:4      | Killed a yak
  3632 | D:4      | Killed a yak
  3633 | D:4      | Reached skill level 8 in Axes
  3635 | D:4      | Killed a yak
  3852 | D:4      | Reached XP level 8. HP: 51/77 MP: 7/7
  4164 | D:4      | Reached skill level 9 in Axes
  4415 | D:5      | Entered Level 5 of the Dungeon
  4547 | D:5      | Found a staircase to the Ecumenical Temple.
  4623 | D:5      | Reached skill level 10 in Fighting
  4623 | D:5      | Reached skill level 10 in Axes
  5083 | D:5      | Reached skill level 11 in Axes
  5242 | D:5      | Reached XP level 9. HP: 85/85 MP: 8/8
  5418 | D:6      | Noticed Pikel
  5430 | D:6      | Killed Pikel
  5431 | D:6      | Reached skill level 12 in Axes
  5567 | D:6      | Noticed Maggie
  5577 | D:6      | Killed Maggie
  5622 | D:6      | Reached skill level 13 in Axes
  5804 | D:6      | Found a sand-covered staircase.
  5813 | Ossuary  | Entered an ossuary
  5971 | Ossuary  | Reached **** piety under Trog
  6478 | D:6      | Noticed Blork the orc
  6485 | D:6      | Killed Blork the orc
  6731 | D:7      | Found Diopneck's General Store.
  6769 | D:7      | Bought a scroll of identify for 28 gold pieces
  6769 | D:7      | Bought a scroll of identify for 28 gold pieces
  6837 | D:7      | Found Afar's Book Boutique.
  6881 | D:7      | Noticed a red ugly thing
  6888 | D:7      | Killed a red ugly thing
  6889 | D:7      | Reached skill level 14 in Axes
  6889 | D:7      | Reached skill level 5 in Armour
  6889 | D:7      | Reached XP level 10. HP: 71/93 MP: 9/9
  6901 | D:7      | Noticed a boulder beetle
  7081 | D:7      | Found a transporter.
  7116 | D:7      | Noticed a two-headed ogre
  7119 | D:7      | Found a transporter.
  7119 | D:7      | Noticed Longtemps's ghost (novice OpFE)
  7135 | D:7      | Found Xanix's Book Shoppe.
  7178 | D:7      | Found Ysuloisk's Antique Weapon Shoppe.
  7343 | D:7      | Found a runed translucent door.
  7344 | D:7      | Noticed Crazy Yiuf
  7413 | D:7      | Killed a boulder beetle
  7699 | D:7      | Noticed a gargoyle
  7705 | D:7      | Killed a gargoyle
  8286 | D:7      | Killed Crazy Yiuf
  8363 | D:8      | Upgraded the game from 0.28.0-1-gb440e238dd to
                  | 0.28.0-43-g3370ac3207
  8409 | D:8      | Found Daabb's Magic Scroll Shoppe.
  8420 | D:8      | Reached skill level 15 in Axes
  8422 | D:8      | Bought a scroll of teleportation for 42 gold pieces
  9896 | D:9      | Identified the +8 war axe of War {freeze, Str+3}
  9907 | D:9      | Found a flagged portal.
  9927 | D:9      | Reached ***** piety under Trog
  9931 | Bailey   | Entered a bailey
 10200 | Bailey   | Noticed an orc knight
 10226 | Bailey   | Killed an orc knight
 10227 | Bailey   | Reached XP level 11. HP: 66/99 MP: 10/10
 10635 | D:9      | Noticed Harold
 10643 | D:9      | Killed Harold
 10644 | D:9      | Reached skill level 16 in Axes
 10644 | D:9      | Reached skill level 10 in Armour
 11105 | D:10     | Entered Level 10 of the Dungeon
 12040 | D:10     | Noticed an orc knight
 12041 | D:10     | Found a staircase to the Orcish Mines.
 12062 | D:10     | Killed an orc knight
 13453 | D:11     | Noticed a green ugly thing
 13468 | D:11     | Killed a green ugly thing
 13470 | D:11     | Found a staircase to the Lair.
 13539 | D:11     | Found a frozen archway.
 13562 | IceCv    | Entered an ice cave
 13706 | IceCv    | Noticed a quicksilver ooze
 13720 | IceCv    | Killed a quicksilver ooze
 14493 | IceCv    | Reached XP level 12. HP: 112/113 MP: 11/11
 15442 | IceCv    | Noticed a quicksilver ooze
 15450 | IceCv    | Killed a quicksilver ooze
 16297 | IceCv    | Found a viscous altar of Jiyva.
 16297 | IceCv    | Noticed an azure jelly
 16314 | IceCv    | Killed an azure jelly
 16421 | IceCv    | Noticed a quicksilver ooze
 16435 | IceCv    | Killed a quicksilver ooze
 16572 | IceCv    | Got the +4 hunting sling "Nulaecai" {freeze, Str+5 Int-4}
 16574 | IceCv    | Identified the amulet "Kullonan" {rPois Regen+ Str+3
                  | Stlth-}
 16576 | IceCv    | Identified the amulet of Madoppa {Faith Will+ Int+4 Stlth+}
 16733 | D:11     | Noticed a two-headed ogre
 16740 | D:11     | Killed a two-headed ogre
 16877 | D:11     | Noticed Snorg
 16886 | D:11     | Killed Snorg
 17127 | Lair:1   | Entered Level 1 of the Lair of Beasts
 17416 | Lair:1   | Noticed a four-headed hydra
 17432 | Lair:1   | HP: 5/177 [six-headed hydra (6)]
 17433 | Lair:1   | Killed a five-headed hydra
 17675 | Lair:1   | Reached skill level 15 in Armour
 17678 | Lair:1   | Reached skill level 15 in Fighting
 17678 | Lair:1   | Reached XP level 13. HP: 106/126 MP: 12/12
 18208 | Lair:2   | Found a staircase to the Shoals.
 18625 | Lair:2   | You fall into a shaft and drop 1 floor!
 19070 | Lair:3   | Reached skill level 17 in Axes
 19373 | Lair:3   | Identified the +4 hand axe of Modesty {vorpal, rElec Str+4
                  | Dex+4}
 19986 | Lair:4   | Reached skill level 18 in Axes
 20046 | Lair:4   | Found a gate leading to a gauntlet.
 20055 | Gauntlet | Entered a Gauntlet
 20055 | Gauntlet | Found a transporter.
 20087 | Gauntlet | Found a transporter.
 20089 | Gauntlet | Found a transporter.
 20105 | Gauntlet | Found a transporter.
 20109 | Gauntlet | Found a transporter.
 20111 | Gauntlet | Found a runed translucent door.
 20111 | Gauntlet | Found a runed translucent door.
 20115 | Gauntlet | Found a transporter.
 20132 | Gauntlet | Found a transporter.
 20133 | Gauntlet | Noticed an entropy weaver
 20142 | Gauntlet | Found a transporter.
 20150 | Gauntlet | Found a runed translucent gate.
 20150 | Gauntlet | Found a runed translucent gate.
 20150 | Gauntlet | Found a runed translucent gate.
 20155 | Gauntlet | Found a transporter.
 20173 | Gauntlet | Found a transporter.
 20184 | Gauntlet | Found a transporter.
 20185 | Gauntlet | Found a transporter.
 20238 | Gauntlet | Found a transporter.
 20252 | Gauntlet | Found a transporter.
 20489 | Gauntlet | Identified the amulet of Viofu {Spirit +Blink rElec rCorr
                  | Stlth-}
 20548 | Gauntlet | Identified the +7 chain mail "Fedet" {+Inv rElec rPois rC-}
 20548 | Gauntlet | Noticed a minotaur
 20558 | Gauntlet | Killed a minotaur
 20559 | Gauntlet | Reached skill level 19 in Axes
 20566 | Gauntlet | Identified the +3 leather armour of Shadows and Fog {rPois
                  | rN+ SInv}
 20709 | Lair:4   | Found a staircase to the Snake Pit.
 21591 | Lair:5   | Reached skill level 20 in Axes
 21762 | Lair:5   | Reached XP level 14. HP: 125/135 MP: 13/13
 21981 | Lair:5   | Reached skill level 5 in Dodging
 22258 | Lair:6   | Entered Level 6 of the Lair of Beasts
 22265 | Lair:6   | Received a gift from Trog
 22375 | Lair:5   | HP: 3/135 [poisoned by a cane toad]
 22653 | Lair:6   | Found a viscous altar of Jiyva.
 22653 | Lair:6   | Found a staircase to the Slime Pits.
 22777 | Lair:6   | Reached skill level 10 in Dodging
 23059 | Lair:6   | Identified a scroll of acquirement
 23059 | Lair:6   | Acquired 1137 gold pieces
 23404 | Lair:6   | Identified the +2 battleaxe "Niucziyp" {antimagic, rElec
                  | rPois rF- rN++} (Trog gifted it to you on level 6 of the
                  | Lair of Beasts)
 23404 | Lair:6   | Received a gift from Trog
 23676 | Snake:1  | Entered Level 1 of the Snake Pit
 23753 | Snake:1  | Reached skill level 21 in Axes
 24808 | Snake:1  | Reached XP level 15. HP: 94/141 MP: 14/14
 25072 | Snake:1  | Reached skill level 22 in Axes
 25431 | Snake:2  | Mangled by a naga

Illustrated notes

Levels and vault maps discovered:
D:1:      dpeg_arrival_renting, layout_loops_ring, nrook_campfire,
          wad_woods_river_04, supply_closet_lemuel, hangedman_decor_opposing
D:2:      layout_basic, serial_bayou, serial_bayou_shore_b,
          serial_bayou_crossing, serial_bayou_pond_d, serial_bayou_lake_a,
          hellmonk_ecumenical_altar_the_god_not_taken, interstate_on_off,
          grunt_ministairs_8, grunt_decor_mini_mirrors, minmay_rat_gold_closets,
          uniq_sigmund
D:3:      layout_basic, demons_altar
D:4:      layout_basic
D:5:      layout_basic, minmay_temple_entry_butterflies
D:6:      layout_basic, lightli_ossuary_entry_decrepit_ruins, dk_vineyard_1,
          minivault_1, minmay_misc_feat_diagonals, uniq_pikel, uniq_maggie,
          uniq_blork_the_orc
D:7:      layout_rooms, gammafunk_ghost_arena, serial_shops,
          nicolae_shop_advertising_works [nicolae_subvault_shop_adworks], shop,
          nicolae_stop_n_shop_2, shop, roderic_batcave, chequers_arboretum,
          hangedman_minor_gate_pass, uniq_crazy_yiuf_cottage
D:8:      layout_gridville, serial_shops, kennysheep_mini_moat,
          kennysheep_generic_room_7
D:9:      layout_basic, enter_bailey_5, uniq_harold
D:10:     layout_irregular_city, erik_orc_2, minivault_16, minivault_24
D:11:     layout_roguey, david_lair_shrubbed, portal_ice_cave_entry_imps,
          uniq_snorg
Lair:1:   layout_roguey, st_stairs_3, serial_bayou_shore_b, lemuel_fruit_tree,
          grunt_megastairs_2, serial_bayou_shore_b
Lair:2:   layout_cave_pods, elwin_shoals_entry_rocks, serial_bayou_lagoon_a
Lair:3:   layout_gridlike, grunt_forest_small_clearings,
          chequers_serial_rivers_small_3, nicolae_lair_grazing_beasts
          [nicolae_sub_lair_graze_edge, nicolae_sub_lair_graze_edge,
          nicolae_sub_lair_graze_edge, nicolae_sub_lair_graze_edge]
Lair:4:   layout_layer_cave, guppyfry_snake_entry_garden,
          gauntlet_entry_generic, beast_lair_carwin_8,
          infiniplex_staircase_pool_2
Lair:5:   layout_concentric_octagons, lemuel_fruit_fields
Lair:6:   minmay_lair_end_frog_pond, layout_loops_ring, slime_altar_1,
          chequers_serial_rivers_micro_a
Snake:1:  layout_concentric_octagons, nicolae_snake_serpentine_hallways,
          grunt_megastairs_3
Snake:2:  layout_onion_interference, serial_shops, nicolae_shop_window_shopping

Skill      XL: |  1  2  3  4  5  6  7  8  9 10 11 12 13 14 15 |
---------------+----------------------------------------------+-----
Fighting       | 4 6 7 8 10 12 15 | 15.0
Axes           | 4 6 7 8 11 14 15 16 20 21 22 | 22.3
Armour         | 5 9 12 15 | 15.0
Dodging        | 4 10 | 10.0

Action                   |  1- 3 |  4- 6 |  7- 9 | 10-12 | 13-15 || total
-------------------------+-------+-------+-------+-------+-------++-------
Melee: Hand axe          |    60 |   102 |   306 |       |       ||   468
       Headbutt          |     9 |    25 |    78 |   189 |   146 ||   447
       Punch             |     2 |     2 |     2 |    10 |       ||    16
       War axe           |       |       |    16 |   603 |       ||   619
       Battleaxe         |       |       |       |    60 |   608 ||   668
       Scimitar          |       |       |       |     7 |    13 ||    20
       Executioner's axe |       |       |       |       |     8 ||     8
 Fire: Arbalest          |       |       |       |    14 |       ||    14
Throw: Throwing net      |       |       |       |     1 |       ||     1
Invok: Berserk           |       |     3 |     4 |    14 |     3 ||    24
       Trog's Hand       |       |     1 |     2 |    12 |     7 ||    22
  Use: Scroll            |       |       |     7 |     9 |     9 ||    25
       Potion            |       |       |       |     3 |     4 ||     7
 Stab: Sleeping          |       |     1 |       |       |       ||     1
       Distracted        |       |       |       |     1 |       ||     1
Armor: Animal skin       |    12 |     7 |       |       |       ||    19
       Leather armour    |       |     6 |       |       |       ||     6
       Chain mail        |       |    16 |   104 |   107 |       ||   227
       Acid dragon scale |       |       |       |   140 |   245 ||   385
Dodge: Dodged            |    49 |    54 |   112 |   392 |   421 ||  1028
